AoeStats
← LordEryn

Lombardia

509068072Analyzed
4v4 RM · 8d ago on Sep 25, 2026· 54m 35s· 8 players
Game mode
Random Map
Map size
Large (8 player)
Population
200
Speed
Normal
Resources
Standard
Victory
Conquest
Starting age
Dark Age
Ending age
Imperial Age
RankedLock teamsTeams togetherTeam positionsShared explorationLock speedFull tech treeHidden civsTurbo modeCheats
Victory
Defeat
🇨🇭 Berbers · Switzerland
1085
+12
🇨🇳 Japanese · China
1068
+13
🇩🇪 Danes · Germany
954
+18
🇮🇳 Celts · India
923
+19
🇮🇪 Poles · Ireland
1034
-17
🇫🇷 Hindustanis · France
998
-16
🇪🇸 Mongols · Spain
994
-15
🇳🇱 Bulgarians · Netherlands
968
-14
FallAutumn7731
10:31 Feudal Age
12:02 Feudal Age
13:26 Double-Bit Axe
13:25 Horse Collar
15:54 Castle Age
17:34 Loom
22:01 Bow Saw
23:34 Wheelbarrow
24:29 Heavy Plow
25:54 Hand Cart
25:57 Town Watch
27:06 Fervor
27:22 Gold Mining
27:22 Stone Mining
29:47 Gold Shaft Mining
29:48 Stone Shaft Mining
32:04 Imperial Age
30:35 Ballistics
30:06 Fletching
30:17 Padded Archer Armor
35:30 Parthian Tactics
35:11 Thumb Ring
35:04 Bodkin Arrow
35:24 Leather Archer Armor
36:12 Chemistry
35:25 Bloodlines
35:16 Husbandry
35:31 Masonry
35:09 Elite Mangudai
36:10 Conscription
36:43 Bracer
39:37 Caravan
40:09 Coinage
Nyssa
3:54 Loom
10:09 Feudal Age
16:26 Castle Age
14:45 Horse Collar
14:53 Double-Bit Axe
20:20 Wheelbarrow
24:05 Town Watch
24:51 Bow Saw
25:18 Gold Mining
25:09 Pikeman
27:34 Hand Cart
28:03 Scale Mail Armor
27:54 Fletching
28:49 Heavy Plow
28:41 Stone Mining
30:41 Gold Shaft Mining
30:34 Arson
30:51 Squires
31:41 Scale Barding Armor
31:47 Forging
33:11 Chain Barding Armor
33:27 Iron Casting
35:36 Imperial Age
37:56 Bodkin Arrow
38:38 Town Patrol
39:05 Bracer
41:01 Elite Konnik
43:38 Plate Barding Armor
44:04 Blast Furnace
49:17 Chain Mail Armor
50:33 Plate Mail Armor
Syrus637
8:51 Loom
10:51 Feudal Age
16:42 Wheelbarrow
18:35 Castle Age
16:28 Double-Bit Axe
19:24 Bloodlines
20:05 Wheelbarrow
21:45 Horse Collar
22:21 Bow Saw
24:46 Husbandry
31:00 Hand Cart
30:35 Town Watch
32:09 Scale Barding Armor
32:15 Forging
32:13 Town Patrol
35:19 Imperial Age
34:33 Gold Mining
35:44 Chain Barding Armor
36:44 Conscription
36:41 Heavy Camel Rider
38:17 Gold Shaft Mining
41:43 Careening
redjumper99
0:41 Loom
12:29 Feudal Age
13:03 Horse Collar
13:15 Double-Bit Axe
17:17 Scale Mail Armor
17:28 Forging
23:11 Stone Mining
25:24 Castle Age
24:06 Gold Mining
26:37 Wheelbarrow
26:27 Bow Saw
26:19 Heavy Plow
27:15 Iron Casting
26:00 Pikeman
27:24 Squires
27:42 Chain Mail Armor
29:51 Stone Shaft Mining
33:09 Town Watch
36:14 Husbandry
36:25 Bloodlines
36:56 Scale Barding Armor
39:35 Chain Barding Armor
39:59 Hand Cart
41:37 Town Patrol
43:59 Fletching
44:51 Light Cavalry
48:06 Imperial Age
46:31 Szlachta Privileges
dushyanthkuthati
1:01 Loom
12:43 Feudal Age
14:44 Wheelbarrow
16:03 Double-Bit Axe
16:02 Horse Collar
22:00 Castle Age
23:12 Hand Cart
24:05 Bow Saw
24:49 Heavy Plow
32:44 Gold Mining
40:45 Imperial Age
40:30 Caravan
40:54 Capped Ram
40:54 Heavy Scorpion
43:02 Town Watch
44:19 Siege Ram
48:43 Chemistry
48:04 Ballistics
47:50 Siege Engineers
47:36 Arrowslits
48:08 Furor Celtica
Civilgarlic
11:23 Feudal Age
19:18 Castle Age
18:31 Scale Barding Armor
18:43 Horse Collar
18:50 Double-Bit Axe
20:05 Forging
20:46 Bloodlines
23:49 Wheelbarrow
26:38 Heavy Plow
28:07 Hand Cart
29:23 Bow Saw
33:47 Imperial Age
31:06 Loom
32:15 Ballistics
31:47 Fletching
32:07 Gold Mining
32:49 Bodkin Arrow
35:30 Bracer
35:32 Padded Archer Armor
36:53 Chemistry
36:49 Husbandry
37:32 Leather Archer Armor
38:41 Gold Shaft Mining
40:17 Ring Archer Armor
39:56 Thumb Ring
39:17 Elite Camel Archer
42:22 Kasbah
42:23 Maghrebi Camels
42:45 Conscription
LordEryn
2:19 Loom
13:38 Feudal Age
14:05 Double-Bit Axe
14:03 Horse Collar
14:15 Gold Mining
16:50 Wheelbarrow
16:37 Man-at-Arms
19:41 Forging
22:59 Castle Age
24:37 Bow Saw
27:13 Imperial Age
25:26 Gold Shaft Mining
24:54 Heavy Plow
26:41 Gambesons
26:44 Arson
27:00 Squires
28:17 Forging
28:20 Elite Varangian Guard
29:56 Iron Casting
31:47 Scale Mail Armor
33:14 Blast Furnace
35:01 Chain Mail Armor
36:54 Plate Mail Armor
54:15 Hand Cart
旺财
12:09 Feudal Age
13:02 Loom
13:05 Double-Bit Axe
14:54 Horse Collar
21:19 Castle Age
20:18 Scale Mail Armor
20:28 Forging
20:28 Stone Mining
21:30 Gold Mining
22:46 Iron Casting
22:52 Bow Saw
24:55 Pikeman
26:38 Wheelbarrow
27:01 Chain Mail Armor
28:33 Fletching
29:02 Hand Cart
29:05 Town Watch
29:37 Squires
32:17 Heavy Plow
32:20 Bodkin Arrow
33:55 Gold Shaft Mining
36:57 Imperial Age
34:30 Padded Archer Armor
35:11 Ballistics
34:47 Murder Holes
35:27 Caravan
35:53 Treadmill Crane
36:31 Leather Archer Armor
36:22 Scale Barding Armor
37:02 Halberdier
38:32 Plate Mail Armor
39:03 Blast Furnace
39:06 Chemistry
39:18 Bracer
39:49 Ring Archer Armor
39:32 Masonry
40:03 Elite Samurai
41:46 Conscription
45:28 Elite Genitour
47:19 Chain Barding Armor
48:52 Hoardings
53:14 Two-Man Saw
52:51 Town Patrol
Connection lost

Rejoining the realm…

Still unreachable

The connection could not be restored.

Session expired

The server has moved on; the page needs a fresh start.